Map: World of Sleepers LE

Players

msrm

  • Race: Zerg Zerg
  • Spawn Location: 7:00

Retribution - Winner!

  • Race: Zerg Zerg
  • Spawn Location: 1:00

Event: NationWars 2019

VOD

Have the link to the VOD?

Description

Time

  • Played on: Sept. 30, 2019, 12:08 p.m.
  • Length: 4:31
Show
View Real Time Build Order
Export as new Build Order

msrm Zerg 

Build Orders: Pool First 

Get SALT Encoding   

  12  0:01  Drone  
  13  0:21  Spawning Pool  
  12  0:29  Extractor  
  11  0:51  Hatchery  
  10  1:08  Zergling x4  
  10  1:11  Zergling x2  
  13  1:19  Zergling x2  
  14  1:33  Metabolic Boost  
  14  1:44  Overlord  
  14  2:03  Zergling x4  
  14  2:04  Zergling x2  
  17  2:09  Zergling x2  
  18  2:17  Zergling x2  
  18  2:18  Zergling x2  
  20  2:24  Zergling x2  
  20  2:28  Zergling x2  
  22  2:35  Zergling x2  
  23  2:42  Zergling x2  
  24  2:46  Zergling x2  
  24  2:50  Zergling x2  
  25  3:00  Overlord  
  19  3:14  Zergling x2  
  19  3:15  Zergling x2  
  19  3:19  Zergling x2  
  17  3:22  Zergling x2  
  17  3:26  Zergling x2  
  16  3:33  Zergling x2  
Show
View Real Time Build Order
Export as new Build Order

Retribution Zerg - Winner!

Build Orders: Hatch First 

Get SALT Encoding   

  12  0:00  Drone  
  13  0:12  Overlord  
  13  0:16  Drone  
  14  0:30  Drone x2  
  16  0:47  Hatchery  
  15  0:51  Drone  
  15  0:54  Drone  
  17  0:57  Drone  
  18  1:08  Extractor  
  17  1:12  Spawning Pool  
  17  1:15  Drone  
  17  1:20  Drone  
  18  1:27  Drone  
  19  1:39  Drone  
  20  1:50  Drone  
  21  1:59  Overlord  
  21  2:00  Queen x2  
  21  2:01  Zergling x2  
  26  2:09  Metabolic Boost  
  26  2:10  Drone x2  
  28  2:30  Zergling x4  
  28  2:33  Spine Crawler  
  28  2:35  Zergling x4  
  31  2:39  Queen  
  33  2:48  Baneling Nest, Overlord  
  32  2:51  Zergling x2  
  32  2:57  Zergling x4  
  34  3:03  Zergling x2  
  33  3:08  Zergling x6  
  30  3:15  Zergling x2  
  28  3:24  Zergling x2  
  28  3:30  Zergling x4  
Tags
 
Add a new tag
Caveats
  • Supply blocks, unpowered buildings, or Contaminate may cause inaccurate times.
  • Supply counts are checked every 10 seconds.